 Dungeon Sprint DCSS version bcrawl-1.12-11-gb93c957c58 (webtiles) character file.

Game seed: 12691620290818790674

1866 JarielCorvus the Grappler (level 8, 0/132 HPs)
             Began as a Troll Berserker on June 30, 2019.
             Was the Champion of Trog.
             Slain by a hippogriff (4 damage)
             ... in the Dungeon (Sprint IX: "|||||||||||||||||||||||||||||").
             The game lasted 00:03:16 (443 turns).

JarielCorvus the Grappler (Troll Berserker)          Turns: 443, Time: 00:03:17

Health: 0/132      AC:  7    Str: 32    XL:     8   Next: 90%
Magic:  7/7        EV: 17    Int:  4    God:    Trog [******]
Gold:   0          SH:  0    Dex: 13    Spells: 7/7 levels left

rFire    . . .     SeeInvis .   r - +0 executioner's axe (chop)
rCold    . . .     Gourm    +   (shield currently unavailable)
rNeg     . . .     Faith    .   (armour unavailable)
rPois    .         Spirit   .   (helmet restricted)
rElec    .         Reflect  .   (no cloak)
rCorr    .         Harm     .   (gloves unavailable)
MR       .....     NoTele   +   (boots unavailable)
Stlth    ..........             (no amulet)
HPRegen  0.72/turn              k - +2 ring of evasion
MPRegen  0.10/turn              l - +3 ring of dexterity

@: berserking (expiring), very quick
A: large, almost no armour, unfitting armour, claws 3, fast metabolism 3,
gourmand, regeneration 1, AC +7
a: Berserk, Trog's Hand, Brothers in Arms, Renounce Religion


You were in the Dungeon.
You worshipped Trog.
Trog was exalted by your worship.
You were hungry.

You visited 1 branch

Inventory:

Hand Weapons
 r - a +0 executioner's axe of chopping (weapon)
Jewellery
 k - a +2 ring of evasion (left claw)
 l - a +3 ring of dexterity (right claw)
Wands
 j - a wand of acid (10)
Scrolls
 g - 2 scrolls of blinking
 i - 3 scrolls of remove curse
 n - 2 scrolls of identify
 o - a scroll of fog
 p - 4 scrolls of enchant armour
 q - a scroll of fear
Potions
 b - 7 potions of curing
 c - 5 potions of heal wounds
 d - a potion of haste
 e - 4 potions of magic
 f - 2 potions of berserk rage
 h - a potion of invisibility
 m - a potion of might
Comestibles
 a - 3 rations {!d}


   Skills:
 + Level 8.0 Fighting
 + Level 0.2 Axes
 + Level 9.2 Dodging
 + Level 1.4 Stealth
 + Level 14.1 Unarmed Combat


You had 7 spell levels left.
You didn't know any spells.
Your spell library was empty.

Dungeon Overview and Level Annotations

Branches:
Dungeon (1/1)

Altars:
Cheibriados
Dithmenos
Elyvilon
Fedhas
Gozag
Hepliaklqana
Kikubaaqudgha
Lugonu
Makhleb
Nemelex Xobeh
Okawaru
Qazlal
Ru
Sif Muna
Trog
Uskayaw
Vehumet
Wu Jian
Xom
Yredelemnul
Zin
The Shining One
Beogh
Jiyva


Innate Abilities, Weirdness & Mutations

You cannot wear most types of armour.
Your thick skin is tough. (AC +7)
You are too large for most types of armour.
You have claws for hands.
Your metabolism is lightning-fast.
You like to eat raw meat.
Your natural rate of healing is unusually fast.


Message History

* * * LOW HITPOINT WARNING * * *
The hippogriff closely misses you.
A red film seems to cover your vision as you go berserk!
You feel yourself moving faster!
You feel mighty!
You are feeling hungry.
The hippogriff misses you.
The hippogriff pecks you but does no damage.
The hippogriff misses you.
You feel a strong urge to attack something.
The blink frog hits you!
* * * LOW HITPOINT WARNING * * *
The blink frog blinks!
You barely miss the blink frog. You slash the hippogriff!
The blink frog completely misses you.
The blink frog blinks!
The hippogriff closely misses you. x2; The hippogriff claws you.
* * * LOW HITPOINT WARNING * * *
You feel a strong urge to attack something.
You miss the blink frog. The blink frog misses you. x2
The hippogriff bites you.
You die...

▓▓▓▓▓▓▓▓▓▓▓▓▓▓▓▓▓▓▓▓▓▓▓▓▓▓▓▓▓▓▓▓▓
_______________________'....)'...
▓▓▓▓▓▓▓▓▓▓▓▓▓▓▓▓▓▓▓▓▓▓▓▓▓▓▓▓▓▓▓▓▓
.................................
▓▓▓▓▓▓▓▓▓▓▓▓▓▓▓▓▓▓▓▓▓▓▓▓▓▓▓▓▓▓▓▓▓
.l....'FlF.SDH@F†)......).....'
▓▓▓▓▓▓▓▓▓▓▓▓▓▓▓▓▓▓▓▓▓▓▓▓▓▓▓▓▓▓▓


You could see a komodo dragon, a hippogriff, a black mamba, 2 blink frogs, a
steam dragon and a bullfrog.

Vanquished Creatures
  A cane toad (D)
  A hippogriff (D)
  3 water moccasins (D)
  A porcupine (D)
  A black bear (D)
  An ogre (D)
  A centaur (D)
  A wolf (D)
  A big kobold (D)
  4 bullfrogs (D)
  A scorpion (D)
  A howler monkey (D)
  2 crimson imps (D)
  A jelly (D)
  3 orc wizards (D)
  A worker ant (D)
  An adder (D)
  An ooze (D)
  A dart slug (D)
  An orc (D)
  A goblin (D)
  A hobgoblin (D)
  2 rats (D)
32 creatures vanquished.

Notes
Turn   | Place    | Note
-------+----------+-------------------------------------------
     0 | D        | JarielCorvus the Troll Berserker began the quest for the
                  | Orb.
     0 | D        | Reached XP level 1. HP: 22/22 MP: 0/0
     9 | D        | Reached ** piety under Trog
    21 | D        | Noticed a crimson imp
    21 | D        | Noticed a worker ant
    21 | D        | Noticed a centaur
    25 | D        | Reached skill level 4 in Unarmed Combat
    25 | D        | Reached XP level 2. HP: 27/31 MP: 1/1
    32 | D        | Killed a centaur
    32 | D        | Reached *** piety under Trog
    32 | D        | Reached skill level 6 in Unarmed Combat
    32 | D        | Reached XP level 3. HP: 13/40 MP: 2/2
    32 | D        | Gained mutation: Your natural rate of healing is unusually
                  | fast. [Troll growth]
    32 | D        | Reached XP level 4. HP: 16/49 MP: 3/3
    45 | D        | Reached skill level 5 in Dodging
    50 | D        | Reached skill level 5 in Fighting
    50 | D        | Reached skill level 7 in Unarmed Combat
    50 | D        | Reached XP level 5. HP: 22/57 MP: 4/4
   111 | D        | Found a roughly hewn altar of Beogh.
   111 | D        | Found a snail-covered altar of Cheibriados.
   111 | D        | Found a shadowy altar of Dithmenos.
   111 | D        | Found a white marble altar of Elyvilon.
   111 | D        | Found a blossoming altar of Fedhas.
   111 | D        | Found an opulent altar of Gozag.
   112 | D        | Found a hazy altar of Hepliaklqana.
   113 | D        | Found a viscous altar of Jiyva.
   114 | D        | Found an ancient bone altar of Kikubaaqudgha.
   115 | D        | Found a corrupted altar of Lugonu.
   116 | D        | Found a burning altar of Makhleb.
   117 | D        | Found a sparkling altar of Nemelex Xobeh.
   118 | D        | Found an iron altar of Okawaru.
   119 | D        | Found a stormy altar of Qazlal.
   120 | D        | Found a sacrificial altar of Ru.
   121 | D        | Found a deep blue altar of Sif Muna.
   122 | D        | Found a bloodstained altar of Trog.
   123 | D        | Found a hide-covered altar of Uskayaw.
   124 | D        | Found a radiant altar of Vehumet.
   125 | D        | Found an ornate altar of the Wu Jian Council.
   126 | D        | Found a shimmering altar of Xom.
   127 | D        | Found a basalt altar of Yredelemnul.
   128 | D        | Found a glowing silver altar of Zin.
   129 | D        | Found a glowing golden altar of the Shining One.
   181 | D        | Noticed an ogre
   184 | D        | Reached **** piety under Trog
   184 | D        | Reached skill level 8 in Unarmed Combat
   188 | D        | Reached XP level 6. HP: 57/67 MP: 5/5
   190 | D        | Reached skill level 9 in Unarmed Combat
   193 | D        | Reached ***** piety under Trog
   193 | D        | Reached skill level 10 in Unarmed Combat
   205 | D        | Reached XP level 7. HP: 50/76 MP: 6/6
   221 | D        | Reached ****** piety under Trog
   221 | D        | Reached skill level 11 in Unarmed Combat
   377 | D        | Noticed a cane toad
   377 | D        | Noticed a hippogriff
   380 | D        | Received a gift from Trog
   382 | D        | Reached skill level 1 in Stealth
   388 | D        | Reached skill level 12 in Unarmed Combat
   392 | D        | Killed a hippogriff
   392 | D        | Reached XP level 8. HP: 69/87 MP: 7/7
   394 | D        | Killed a cane toad
   394 | D        | Reached skill level 13 in Unarmed Combat
   407 | D        | Received a gift from Trog
   424 | D        | Noticed a black mamba
   424 | D        | Noticed a blink frog
   424 | D        | Noticed a hippogriff
   425 | D        | Noticed a komodo dragon
   429 | D        | Noticed a blink frog
   432 | D        | Reached skill level 14 in Unarmed Combat
   439 | D        | HP: 3/132 [blink frog (7)]
   443 | D        | Slain by a hippogriff

Skill      XL: |  1  2  3  4  5  6  7  8 |
---------------+-------------------------+-----
Fighting       | 3 4 5 6 7 8 |  8.0
Dodging        | 3 4 5 6 7 8 9 |  9.2
Unarmed Combat | 4 6 7 8 10 12 14 | 14.1
Stealth        | 1 |  1.4
Axes           | |  0.2

Action                   |  1- 3 |  4- 6 |  7- 9 || total
-------------------------+-------+-------+-------++-------
Melee: Unarmed           |    21 |    33 |    44 ||    98
       Punch             |     1 |     2 |     2 ||     5
       Executioner's axe |       |       |    11 ||    11
Invok: Berserk           |       |       |     1 ||     1
Armor: Skin              |     5 |     3 |    26 ||    34
Dodge: Dodged            |     6 |    13 |    59 ||    78
